 Dungeon Crawl Stone Soup version 0.22.1-1-ga44c0e5 (webtiles) character file.

236 whitewolfNL the Poker (level 5, -1/46 HPs)
             Began as a Minotaur Berserker on Oct 15, 2018.
             Was a Believer of Trog.
             Slain by an ogre
             ... wielding a +0 giant spiked club
              (25 damage)
             ... on level 4 of the Dungeon.
             The game lasted 00:20:10 (3854 turns).

whitewolfNL the Poker (Minotaur Berserker)          Turns: 3854, Time: 00:20:10

Health: -1/46      AC:  9    Str: 22    XL:     5   Next: 77%
Magic:  4/4        EV:  8    Int:  4    God:    Trog [**....]
Gold:   133        SH:  0    Dex: 10    Spells: 4/4 levels left

rFire    . . .     SeeInvis .   k - -2 dagger (curse)
rCold    . . .     Gourm    .   (no shield)
rNeg     . . .     Faith    .   a - +0 chain mail
rPois    .         Spirit   .   (helmet restricted)
rElec    .         Reflect  .   (no cloak)
rCorr    .         Harm     .   (no gloves)
MR       .....                  (no boots)
Stlth    ..........             (no amulet)
HPRegen  0.15/turn              (no ring)
MPRegen  0.09/turn              (no ring)

@: no status effects
A: retaliatory headbutt, horns 2
a: Berserk, Trog's Hand, Renounce Religion


You were on level 4 of the Dungeon.
You worshipped Trog.
Trog was pleased with you.
You were near starving.

You visited 1 branch of the dungeon, and saw 4 of its levels.

You collected 133 gold pieces.

Inventory:

Hand Weapons
 b - a cursed +0 flail
 f - a +0 halberd
 i - a +0 spear
 j - a +1 spear of venom
 k - a cursed -2 dagger (weapon)
 m - a +0 dagger
 n - a +0 club
 o - a +0 club
 p - a +0 whip
 u - a +0 flail
 w - a +0 spear
 x - a +0 spear
 y - a +0 spear of piercing
 A - a +0 hand axe
 B - a +4 dagger of protection
 C - a +0 spear
 F - a +4 mace of crushing
Missiles
 d - 44 arrows
 g - 97 stones (quivered)
 r - 6 javelins
 t - 22 poisoned needles
Armour
 a - a +0 chain mail (worn)
Scrolls
 h - 2 scrolls of teleportation
 z - 2 scrolls of fear
Potions
 e - 2 potions of cancellation
 l - 2 potions of curing
 q - a potion of haste {unknown}
 s - a potion of heal wounds {unknown}
 v - a potion of degeneration {unknown}
Comestibles
 c - 3 rations
 E - a chunk of flesh


   Skills:
 * Level 3.8 Fighting
 * Level 2.7 Short Blades
 + Level 5.1 Polearms
 + Level 4.2 Armour
 + Level 2.5 Dodging
 * Level 1.8 Stealth


You had 4 spell levels left.
You didn't know any spells.
Your spell library was empty.

Dungeon Overview and Level Annotations

Branches:
Dungeon (4/15)
 Temple: D:4-7

Altars:
Fedhas
Kikubaaqudgha
Makhleb
Qazlal


Innate Abilities, Weirdness & Mutations

You reflexively headbutt those who attack you in melee.
You have a pair of horns on your head.


Message History

Found 16 gold pieces.
You see here 16 gold pieces.
You closely miss the ogre. The ogre barely misses you.
Your chain mail prevents you from hitting the ogre.
The ogre closely misses you.
You hit the ogre but do no damage. You hit the ogre. You headbutt the ogre.
The ogre is moderately wounded.
The ogre barely misses you.
Okay, then.
You hit the ogre.
The ogre is moderately wounded.
You hit the ogre but do no damage. Your headbutt misses the ogre.
The ogre is moderately wounded.
The ogre hits you with a giant spiked club!!
You barely miss the ogre.
The ogre is moderately wounded.
The ogre hits you with a giant spiked club!!
Ouch! That really hurt!
You die...

##########
#..@O....#
#.######.#
#.# #.#
#####.#
#.....###
##>###..[#
#......#.#
#..###...#


You could see an ogre.

Vanquished Creatures
  A howler monkey skeleton (D:4)
  4 adders
  13 gnolls
  A worm (D:2)
  2 dart slugs
  3 leopard geckos
  3 orcs (D:3)
  2 giant cockroaches
  7 goblins
  4 hobgoblins
  3 jackals
  7 kobolds
  A quokka (D:2)
  3 bats
  2 frilled lizards
  9 rats
65 creatures vanquished.

Notes
Turn   | Place    | Note
-------+----------+-------------------------------------------
     0 | D:1      | whitewolfNL the Minotaur Berserker began the quest for the
                  | Orb.
     0 | D:1      | Reached XP level 1. HP: 19/19 MP: 0/0
    95 | D:1      | Reached skill level 4 in Polearms
    99 | D:1      | Reached XP level 2. HP: 26/26 MP: 1/1
  1121 | D:2      | Reached XP level 3. HP: 31/31 MP: 2/2
  1300 | D:2      | Reached skill level 1 in Stealth
  1909 | D:2      | Reached skill level 1 in Short Blades
  1909 | D:2      | Reached XP level 4. HP: 39/39 MP: 3/3
  2162 | D:2      | Reached skill level 5 in Polearms
  2163 | D:2      | Found an ancient bone altar of Kikubaaqudgha.
  2167 | D:2      | Reached XP level 5. HP: 32/45 MP: 4/4
  2315 | D:2      | Found a burning altar of Makhleb.
  2651 | D:3      | Reached ** piety under Trog
  3085 | D:3      | Found a stormy altar of Qazlal.
  3758 | D:4      | Found a blossoming altar of Fedhas.
  3844 | D:4      | Noticed an ogre
  3854 | D:4      | Slain by an ogre

Skill      XL: |  1  2  3  4  5 |
---------------+----------------+-----
Polearms       | 4 5 |  5.1
Stealth        | 1 |  1.8
Armour         | 3 4 |  4.2
Short Blades   | 1 2 |  2.7
Fighting       | |  3.8
Dodging        | |  2.5

Action                   |  1- 3 |  4- 6 || total
-------------------------+-------+-------++-------
Melee: Spear             |    41 |       ||    41
       Headbutt          |    16 |    21 ||    37
       Dagger            |    59 |   147 ||   206
Invok: Berserk           |     5 |     4 ||     9
  Use: Scroll            |     3 |     2 ||     5
  Eat: Chunk             |     6 |     3 ||     9
       Ration            |     1 |     1 ||     2
Armor: Animal skin       |     2 |       ||     2
       Chain mail        |    25 |    60 ||    85
       Scale mail        |     9 |       ||     9
Dodge: Dodged            |    50 |    53 ||   103
